 Dungeon Crawl Stone Soup version 0.24.0-37-gcf1ca852f1 (webtiles) character file.

Game seed: 13964640119370541584, levelgen mode: deterministic

114 mortelune the Firebug (level 4, 0/24 HPs)
             Began as a Deep Elf Fire Elementalist on Dec 7, 2019.
             Slain by Sigmund
             ... wielding a +0 scythe
              (13 damage)
             ... on level 2 of the Dungeon.
             The game lasted 00:07:27 (2974 turns).

mortelune the Firebug (Deep Elf Fire Elementalist)  Turns: 2974, Time: 00:07:28

Health: 0/24       AC:  3    Str:  3 (5)  XL:     4   Next: 66%
Magic:  5/11       EV: 13    Int: 24 (26) God:
Gold:   108        SH:  0    Dex: 12 (15) Spells: 3/10 levels left

rFire    . . .     SeeInvis .   d - +0 short sword
rCold    + . .     Gourm    .   (no shield)
rNeg     . . .     Faith    .   a - +0 robe
rPois    .         Spirit   .   (no helmet)
rElec    .         Reflect  .   (no cloak)
rCorr    .         Harm     .   (no gloves)
MR       .....                  n - +0 pair of boots {run}
Stlth    +.........             (no amulet)
HPRegen  0.08/turn              e - +2 ring of slaying
MPRegen  0.12/turn              j - ring of protection from cold

@: confused, brilliant, very slightly contaminated, quick
A: no striking features
a: no special abilities


You were on level 2 of the Dungeon.
You were not hungry.

You visited 1 branch of the dungeon, and saw 3 of its levels.

You collected 108 gold pieces.

Inventory:

Hand Weapons
 b - a +0 club
 d - a +0 short sword (weapon)
Armour
 a - a +0 robe (worn)
 n - a +0 pair of boots of running (worn)
Jewellery
 e - a +2 ring of slaying (left hand)
 j - a ring of protection from cold (right hand)
Scrolls
 g - 3 scrolls of remove curse {unknown}
 i - a scroll of blinking {unknown}
 k - 2 scrolls of fog {unknown}
 l - 3 scrolls of identify {unknown}
 o - a scroll of fear {unknown}
Potions
 f - a potion of degeneration
 m - a potion of curing {unknown}
Comestibles
 c - 4 rations
 p - a chunk of flesh


   Skills:
 + Level 3.3 Dodging
 - Level 2.4 Stealth
 + Level 3.8 Spellcasting
 * Level 2.8 Conjurations
 * Level 4.4 Fire Magic


You had 3 spell levels left.
You knew the following spells:

 Your Spells              Type           Power        Failure   Level  Hunger
a - Flame Tongue          Conj/Fire      #####        1%          1    None
b - Throw Flame           Conj/Fire      #####.       1%          2    #......
c - Sticky Flame          Conj/Fire      #####...     2%          4    ####...

Your spell library contained the following spells:

 Spells                   Type           Power        Failure   Level  Hunger
 Summon Butterflies       Summ           ###.....     1%          1    None
 Conjure Flame            Conj/Fire      #####...     1%          3    ##.....
 Inner Flame              Hex/Fire       ####....     1%          3    ##.....
 Force Lance              Conj/Tloc      ####....     7%          4    ####...
 Fireball                 Conj/Fire      #####.....   7%          5    ######.
 Dispersal                Tloc           ###.......   75%         6    #######
 Dragon's Call            Summ           ###.......   100%        9    #######


Dungeon Overview and Level Annotations

Branches:
Dungeon (3/15)

Altars:
Elyvilon

Annotations:
D:2 Sigmund
D:3 Terence


Message History

Press: ? - help, Shift-Dir - straight line, f/p - Sigmund
Aim: Sigmund, wielding a +0 scythe and wearing a +0 robe (heavily wounded)
You miscast Sticky Flame.
You are very lightly contaminated with residual magic.
Strange energies run through your body.
Sigmund points at you and mumbles some strange words.
You are confused.
You're too confused to cast spells.
There isn't anything here!
It was a potion of degeneration.
There was something very wrong with that liquid.
You feel weakened.
You feel dopey.
You feel clumsy.
Sigmund's eyes start glowing with a red light.
Sigmund hits you with a +0 scythe!
You bump into the rock wall.
It was a potion of brilliance.
You feel clever all of a sudden. Sigmund hits you with a +0 scythe!
Ouch! That really hurt!
You die...

#.#...(###.# ..
#.#........# .@#
#.#...####.# .#
#.#.<.#....####. ?.
#.'...#(........ .
#########...#......##
.....#...)..)รท......#
####.#.#######...@..#
#...# ####'#@##...
##### #.......# .
#.....#.# # #.....'.#
# #.....### ## #.....#
.## #.....# ..#
#.....# ..# #.....#


You could see Sigmund.

Vanquished Creatures
  An orc priest (D:3)
  An adder (D:2)
  An ooze (D:1)
  5 dart slugs
  8 bats
  2 giant cockroaches
  15 goblins
  8 hobgoblins
  3 jackals (D:2)
  2 frilled lizards
  7 kobolds
  3 rats
56 creatures vanquished.

Vanquished Creatures (others)
  A quokka (D:2)
1 creature vanquished.

Grand Total: 57 creatures vanquished

Notes
Turn   | Place    | Note
-------+----------+-------------------------------------------
     0 | D:1      | mortelune the Deep Elf Fire Elementalist began the quest
                  | for the Orb.
     0 | D:1      | Reached XP level 1. HP: 10/10 MP: 6/6
   476 | D:1      | Reached XP level 2. HP: 15/15 MP: 6/8
   480 | D:1      | Learned a level 2 spell: Throw Flame
   970 | D:1      | Identified Sif Muna's Collected Works on the Voyage and
                  | Calling
  1082 | D:1      | Identified a +0 pair of boots of running (You found it on
                  | level 1 of the Dungeon)
  1426 | D:2      | Noticed Sigmund
  1494 | D:2      | Reached XP level 3. HP: 17/19 MP: 3/9
  1866 | D:3      | Noticed Terence
  1946 | D:3      | Reached skill level 4 in Fire Magic
  1946 | D:3      | Reached XP level 4. HP: 24/24 MP: 6/11
  1956 | D:2      | Learned a level 4 spell: Sticky Flame
  2272 | D:2      | Found a white marble altar of Elyvilon.
  2974 | D:2      | Slain by Sigmund

Levels and vault maps discovered:
D:1:      nagdon_arrival_zigzag_paths, layout_basic, nrook_loot_triangle,
          minivault_5
D:2:      layout_basic, elyvilon_altar_4, minmay_snake_closets, uniq_robin,
          uniq_jessica, uniq_sigmund
D:3:      kennysheep_slugbush, layout_basic, grunt_gozag_statues, first_ration,
          uniq_terence, uniq_crazy_yiuf_cottage

Skill      XL: |  1  2  3 |
---------------+----------+-----
Conjurations   | 2 |  2.8
Dodging        | 3 |  3.3
Fire Magic     | 4 |  4.4
Stealth        | |  2.4
Spellcasting   | |  3.8

Action                   |  1- 3 |  4- 6 || total
-------------------------+-------+-------++-------
Melee: Short sword       |       |     3 ||     3
 Cast: Flame Tongue      |    14 |    22 ||    36
       Throw Flame       |    36 |    30 ||    66
  Use: Potion            |       |     2 ||     2
  Eat: Chunk             |     2 |     2 ||     4
       Ration            |       |     1 ||     1
Armor: Robe              |     1 |     3 ||     4
Dodge: Dodged            |     2 |     4 ||     6
